 Dungeon Crawl Stone Soup version 0.22-a0-558-gc2241811a9 (webtiles) character file.

1722 Hercules1031 the Shield-Bearer (level 9, -1/72 HPs)
             Began as a Gnoll Fighter on June 25, 2018.
             Killed from afar by an electric eel (10 damage)
             ... with a bolt of electricity
             ... on level 7 of the Dungeon.
             The game lasted 00:17:13 (4906 turns).

Hercules1031 the Shield-Bearer (Gnoll Fighter)      Turns: 4906, Time: 00:17:14

Health: -1/72      AC: 17    Str: 27    XL:     9   Next: 4%
Magic:  14/14      EV: 13    Int: 10    God:
Gold:   470        SH: 18    Dex: 20    Spells: 15/15 levels left

rFire    . . .     SeeInvis .   a - +0 war axe
rCold    . . .     Gourm    .   o - +0 large shield
rNeg     . . .     Faith    .   k - +0 chain mail
rPois    .         Spirit   .   (no helmet)
rElec    .         Reflect  .   (no cloak)
rCorr    .         Harm     .   w - +2 pair of gloves {Str+3}
MR       +....                  r - +2 pair of boots
Stlth    +.........             (no amulet)
HPRegen  0.22/turn              q - ring of protection from magic
MPRegen  0.14/turn              c - +2 ring of strength

@: agile, very slow
A: distributed training, fangs 1, strong nose
a: no special abilities


You were on level 7 of the Dungeon.
You were not hungry.

You visited 2 branches of the dungeon, and saw 8 of its levels.

You collected 470 gold pieces.

Inventory:

Hand Weapons
 a - a +0 war axe (weapon)
Armour
 k - a +0 chain mail (worn)
 o - a +0 large shield (worn)
 r - a +2 pair of boots (worn)
 w - a +2 pair of gloves of strength (worn)
Jewellery
 c - a +2 ring of strength (right hand)
 q - a ring of protection from magic (left hand)
 t - an uncursed ring of flight
 y - an uncursed ring of ice {unknown}
Wands
 p - a wand of polymorph (24)
 A - a wand of digging (9)
Scrolls
 b - 2 scrolls of immolation {unknown}
 e - a scroll of magic mapping {unknown}
 g - 2 scrolls of fog {unknown}
 h - 4 scrolls of amnesia
 i - 5 scrolls of teleportation {unknown}
 l - a scroll of enchant weapon {unknown}
 m - 2 scrolls of remove curse {unknown}
 n - a scroll of fear {unknown}
 s - 2 scrolls of blinking {unknown}
 u - 2 scrolls of enchant armour {unknown}
 x - 5 scrolls of identify
Potions
 d - 3 potions of might
 j - 2 potions of magic
Comestibles
 f - 5 rations


   Skills:
 + Level 7.6 Fighting
 + Level 3.7 Short Blades
 + Level 3.7 Long Blades
 + Level 6.0 Axes
 + Level 3.7 Maces & Flails
 + Level 3.7 Polearms
 + Level 3.7 Staves
 + Level 3.7 Slings
 + Level 3.7 Bows
 + Level 3.7 Crossbows
 + Level 3.7 Throwing
 + Level 7.6 Armour
 + Level 3.7 Dodging
 + Level 3.7 Stealth
 + Level 7.6 Shields
 + Level 3.7 Unarmed Combat
 + Level 3.7 Spellcasting
 + Level 3.1 Conjurations
 + Level 3.1 Hexes
 + Level 3.1 Charms
 + Level 3.1 Summonings
 + Level 3.1 Necromancy
 + Level 3.1 Translocations
 + Level 3.1 Transmutations
 + Level 3.1 Fire Magic
 + Level 3.1 Ice Magic
 + Level 3.1 Air Magic
 + Level 3.1 Earth Magic
 + Level 3.1 Poison Magic
 + Level 4.1 Invocations
 + Level 3.7 Evocations


You had 15 spell levels left.
You didn't know any spells.
Your spell library contained the following spells:

 Spells                   Type           Power        Failure   Level  Hunger
 Magic Dart               Conj           #...         98%         1    #......
 Conjure Flame            Conj/Fire      #.......     100%        3    ###....
 Slow                     Hex            #.......     99%         2    ###....
 Confuse                  Hex            #.......     100%        3    ###....
 Mephitic Cloud           Conj/Pois/Air  #.......     100%        3    ###....
 Blink                    Tloc           N/A          99%         2    ###....
 Call Imp                 Summ           #.......     99%         2    ###....
 Confusing Touch          Hex            #.....       98%         1    #......
 Metabolic Englaciation   Hex/Ice        #.........   100%        5    ######.
 Petrify                  Tmut/Erth      #.......     100%        4    #####..
 Gell's Gravitas          Tloc           #.........   100%        3    ###....
 Yara's Violent Unravell  Hex/Tmut       #.........   100%        5    ######.


Dungeon Overview and Level Annotations

Branches:
Dungeon (7/15)             Temple (1/1) D:5

Altars:
Cheibriados
Dithmenos
Fedhas
Hepliaklqana
Kikubaaqudgha
Makhleb
Nemelex Xobeh
Qazlal
Ru
Sif Muna
Trog
Uskayaw
Vehumet
Wu Jian
Xom
Yredelemnul
The Shining One


Innate Abilities, Weirdness & Mutations

Your experience applies equally to all skills.
You have very sharp teeth.
Your uncanny sense of smell can sniff out nearby items.


Message History

The electric eel shoots out a bolt of lightning at you!
The bolt of electricity misses you.
The bolt of electricity hits the plant.
It was a potion of agility.
You feel agile all of a sudden.
The electric eel shoots out a bolt of lightning at you!
The bolt of electricity hits you!
* * * LOW HITPOINT WARNING * * *
The bolt of electricity hits the plant.
Okay, then.
Your unstable footing causes you to fumble your attack.
You miss the electric eel. You bite the electric eel.
The electric eel is lightly wounded.
You hit the plant but do no damage.
The electric eel shoots out a bolt of lightning at you!
The bolt of electricity hits you!
* * * LOW HITPOINT WARNING * * *
The bolt of electricity hits the plant.
The electric eel shoots out a bolt of lightning at you!
The bolt of electricity hits you!
You die...

........................##.##.##.
###.................(...(...#....
# ######################....####.
.. .$ #..#.####. #≈♣♣♣≈♣
#......... ♣≈≈≈≈P≈
######..#....#. ≈≈≈≈≈≈≈
#.........##.#.
≈≈≈≈;≈≈♣##.#<.........#. ##♣≈≈
≈≈≈≈≈P≈≈≈≈@;#............#.
#≈≈≈≈P≈P≈P≈PP≈≈≈≈P♣<...........#.
..≈≈≈≈≈P≈≈≈P♣P.$≈.≈.#####......#.
#.#≈≈♣≈≈...≈..≈..≈........#....#.
#.##...)..............#........#.
#.##...........≈≈≈≈≈≈.....#.#..#.
#.##....≈≈≈.≈≈≈≈≈P♣♣≈.#.#.#....#
..##...P≈≈≈≈≈≈≈≈≈♣≈ ..#.#
.....###≈♣≈≈P≈PP≈♣. ....#


You could see 2 electric eels.

Vanquished Creatures
  A hungry ghost (D:7)
  A water moccasin (D:5)
  A phantom (D:4)
  3 ogres
  2 centaurs (D:5)
  2 bullfrogs (D:6)
  A scorpion (D:5)
  A howler monkey (D:6)
  A centaur zombie (D:6)
  2 jellies
  5 hounds
  2 bullfrog skeletons
  4 worker ants
  6 orc wizards
  A hound zombie (D:5)
  A hound skeleton (D:7)
  A howler monkey skeleton (D:7)
  4 gnolls (D:5)
  4 adders
  2 shadow imps
  An adder zombie (D:6)
  3 worms
  2 dart slugs
  4 leopard geckos
  10 orcs
  4 giant cockroaches
  6 goblins
  5 hobgoblins
  14 jackals
  4 kobolds
  2 quokkas
  4 ball pythons
  5 bats
  5 frilled lizards
  A jackal zombie (D:5)
  2 rats
117 creatures vanquished.

Notes
Turn   | Place    | Note
-------+----------+-------------------------------------------
     0 | D:1      | Hercules1031 the Gnoll Fighter began the quest for the Orb.
     0 | D:1      | Reached XP level 1. HP: 23/23 MP: 1/1
   378 | D:1      | Reached XP level 2. HP: 29/29 MP: 2/2
   639 | D:1      | Reached XP level 3. HP: 35/35 MP: 3/3
  1088 | D:2      | Reached skill level 1 in Invocations
  1668 | D:3      | Found a bloodstained altar of Trog.
  1722 | D:3      | Reached skill level 1 in Short Blades
  1722 | D:3      | Reached skill level 1 in Long Blades
  1722 | D:3      | Reached skill level 1 in Maces & Flails
  1722 | D:3      | Reached skill level 1 in Polearms
  1722 | D:3      | Reached skill level 1 in Staves
  1722 | D:3      | Reached skill level 1 in Slings
  1722 | D:3      | Reached skill level 1 in Bows
  1722 | D:3      | Reached skill level 1 in Crossbows
  1722 | D:3      | Reached skill level 1 in Throwing
  1722 | D:3      | Reached skill level 1 in Dodging
  1722 | D:3      | Reached skill level 1 in Stealth
  1722 | D:3      | Reached skill level 1 in Unarmed Combat
  1722 | D:3      | Reached skill level 1 in Spellcasting
  1722 | D:3      | Reached skill level 1 in Evocations
  1722 | D:3      | Reached XP level 4. HP: 41/41 MP: 5/5
  1757 | D:3      | Found a faded altar of an unknown god.
  2109 | D:4      | Reached skill level 1 in Conjurations
  2109 | D:4      | Reached skill level 1 in Hexes
  2109 | D:4      | Reached skill level 1 in Charms
  2109 | D:4      | Reached skill level 1 in Summonings
  2109 | D:4      | Reached skill level 1 in Necromancy
  2109 | D:4      | Reached skill level 1 in Translocations
  2109 | D:4      | Reached skill level 1 in Transmutations
  2109 | D:4      | Reached skill level 1 in Fire Magic
  2109 | D:4      | Reached skill level 1 in Ice Magic
  2109 | D:4      | Reached skill level 1 in Air Magic
  2109 | D:4      | Reached skill level 1 in Earth Magic
  2109 | D:4      | Reached skill level 1 in Poison Magic
  2184 | D:4      | Reached XP level 5. HP: 45/47 MP: 6/6
  2187 | D:4      | Found a hide-covered altar of Uskayaw.
  2320 | D:4      | Noticed a dagger
  2320 | D:4      | Noticed a dagger
  2521 | D:4      | Reached XP level 6. HP: 44/53 MP: 8/8
  2629 | D:4      | Noticed a phantom
  2646 | D:4      | Killed a phantom
  2646 | D:4      | Reached skill level 5 in Axes
  2904 | D:5      | Entered Level 5 of the Dungeon
  3067 | D:5      | Reached XP level 7. HP: 57/59 MP: 10/10
  3168 | D:5      | Reached XP level 8. HP: 39/67 MP: 12/12
  3438 | D:5      | Found a staircase to the Ecumenical Temple.
  3462 | Temple   | Entered the Ecumenical Temple
  3919 | D:5      | Found a shadowy altar of Dithmenos.
  4893 | D:7      | Reached XP level 9. HP: 72/72 MP: 14/14
  4906 | D:7      | Killed from afar by an electric eel

Vault maps used:
D:1:      dpeg_arrival_pond
D:2:      first_ration
D:3:      bloody_trog, chequers_ecumenical_altar_island
D:4:      dancing_weapons_uskayaw, minmay_mini_jars
D:5:      nicolae_dithmenos_the_darkroom, minmay_temple_entry_butterflies,
          minmay_misc_feat_columns, water_boxes_lemuel
D:7:      hangedman_decor_lopped, minivault_4, serial_bayou_ford_a,
          uniq_duvessa, uniq_menkaure
Temple:   dpeg_chambers_temple

Skill      XL: |  1  2  3  4  5  6  7  8 |
---------------+-------------------------+-----
Invocations    | 1 2 3 4 |  4.1
Short Blades   | 1 2 3 |  3.7
Long Blades    | 1 2 3 |  3.7
Maces & Flails | 1 2 3 |  3.7
Polearms       | 1 2 3 |  3.7
Staves         | 1 2 3 |  3.7
Slings         | 1 2 3 |  3.7
Bows           | 1 2 3 |  3.7
Crossbows      | 1 2 3 |  3.7
Throwing       | 1 2 3 |  3.7
Dodging        | 1 2 3 |  3.7
Stealth        | 1 2 3 |  3.7
Unarmed Combat | 1 2 3 |  3.7
Spellcasting   | 1 2 3 |  3.7
Evocations     | 1 2 3 |  3.7
Conjurations   | 1 2 3 |  3.1
Hexes          | 1 2 3 |  3.1
Charms         | 1 2 3 |  3.1
Summonings     | 1 2 3 |  3.1
Necromancy     | 1 2 3 |  3.1
Translocations | 1 2 3 |  3.1
Transmutations | 1 2 3 |  3.1
Fire Magic     | 1 2 3 |  3.1
Ice Magic      | 1 2 3 |  3.1
Air Magic      | 1 2 3 |  3.1
Earth Magic    | 1 2 3 |  3.1
Poison Magic   | 1 2 3 |  3.1
Axes           | 5 6 |  6.0
Fighting       | 7 |  7.6
Armour         | 7 |  7.6
Shields        | 7 |  7.6

Action                   |  1- 3 |  4- 6 |  7- 9 || total
-------------------------+-------+-------+-------++-------
Melee: War axe           |   112 |    88 |   195 ||   395
       Bite              |     9 |    10 |    27 ||    46
  Use: Scroll            |     5 |       |     1 ||     6
       Potion            |     3 |       |     3 ||     6
  Eat: Ration            |     1 |     2 |     1 ||     4
Armor: Scale mail        |     3 |       |       ||     3
       Chain mail        |    42 |    50 |    98 ||   190
Dodge: Dodged            |    22 |    10 |    32 ||    64
Block: Shield            |    52 |       |       ||    52
       Large shield      |    22 |    88 |   218 ||   328

Table legend:
 A = Spawn XP
 B = Non-spawn XP
 C = Spawn XP percentage of total XP
 D = Spawn monster count
 E = Non-spawn monster count
 F = Spawn count percentage of total count
 G = Total turns spent on level
                    A         B        C        D         E        F      G
               +---------+---------+-------+---------+---------+-------+---------
         Total |       0 |    2460 |   0.0 |       0 |     117 |   0.0 |  4906
               +---------+---------+-------+---------+---------+-------+---------
           D:1 |       0 |      46 |   0.0 |       0 |      24 |   0.0 |  1018
           D:2 |       0 |      20 |   0.0 |       0 |       8 |   0.0 |   409
           D:3 |       0 |      21 |   0.0 |       0 |       7 |   0.0 |   644
           D:4 |       0 |     481 |   0.0 |       0 |      22 |   0.0 |   833
           D:5 |       0 |     988 |   0.0 |       0 |      31 |   0.0 |   860
           D:6 |       0 |     467 |   0.0 |       0 |      16 |   0.0 |   590
           D:7 |       0 |     437 |   0.0 |       0 |       9 |   0.0 |   299
               +---------+---------+-------+---------+---------+-------+---------
